Map: Dusty Gorge

Players

sfoRzanDo

  • Race: Terran Terran
  • League: Master
  • Spawn Location: 3:00

CerealKiller

  • Race: Zerg Zerg
  • Spawn Location: 5:00

DEVIN - Winner!

  • Race: Terran Terran
  • League: Diamond
  • Spawn Location: 11:00

Adversity - Winner!

  • Race: Terran Terran
  • Spawn Location: 9:00

VOD

Have the link to the VOD?

Description

Time

  • Played on: Oct. 9, 2018, 2:41 p.m.
  • Length: 5:10
Show
View Real Time Build Order
Export as new Build Order

sfoRzanDo Terran 

Build Orders:  

Get SALT Encoding   

  12  0:02  SCV  
  13  0:15  Supply Depot  
  13  0:18  SCV  
  14  0:30  SCV  
  15  0:37  Barracks  
  15  0:42  SCV  
  16  0:45  Refinery  
  16  0:54  SCV  
  17  1:03  Barracks  
  17  1:06  SCV  
  18  1:19  Barracks  
  18  1:29  Reaper  
  18  1:30  Refinery  
  19  1:37  SCV  
  20  1:50  Reaper  
  20  1:51  Supply Depot  
  21  2:00  SCV  
  22  2:02  Reaper  
  23  2:12  SCV  
  23  2:14  Reaper  
  25  2:20  Supply Depot  
  25  2:25  Reaper  
  25  2:29  SCV  
  27  2:34  Reaper  
  28  2:46  Reaper  
  28  2:57  Reaper  
  29  3:00  SCV  
  29  3:02  Supply Depot  
  30  3:06  Reaper  
  30  3:12  SCV  
  32  3:18  Reaper  
  33  3:24  SCV  
  33  3:26  Engineering Bay  
  34  3:29  Reaper  
  35  3:36  SCV  
  35  3:38  Reaper  
  37  3:48  SCV  
  37  3:51  Reaper  
  39  4:00  SCV  
  39  4:01  Command Center  
  39  4:14  Reaper x2  
  35  4:22  SCV  
  35  4:25  Reaper  
  35  4:27  Factory  
  35  4:34  SCV  
  35  4:46  SCV  
Show
View Real Time Build Order
Export as new Build Order

CerealKiller Zerg 

Build Orders: Pool First 

Get SALT Encoding   

  12  0:02  Drone  
  13  0:08  Drone  
  14  0:20  Overlord  
  14  0:39  Drone x3  
  17  0:51  Drone  
  17  0:54  Extractor  
  17  1:02  Drone  
  18  1:05  Extractor  
  18  1:07  Spawning Pool  
  16  1:12  Drone  
  17  1:29  Drone  
  18  1:38  Hatchery  
  17  1:42  Drone  
  17  1:47  Drone  
  19  1:53  Queen  
  21  1:55  Zergling x2  
  22  2:05  Overlord  
  22  2:10  Metabolic Boost  
  22  2:24  Drone  
  23  2:32  Drone  
  24  2:45  Zergling x2  
  24  2:50  Queen  
  27  2:54  Baneling Nest  
  25  2:58  Zergling x6  
  25  3:03  Drone x2  
  30  3:06  Overlord  
  30  3:14  Drone x3  
  33  3:29  Drone x2  
  35  3:45  Drone x2  
  35  3:46  Drone  
  35  3:48  Lair  
  38  3:51  Hatchery  
  37  3:59  Drone x3  
  37  4:11  Zergling x12  
  42  4:22  Roach Warren  
  41  4:27  Extractor  
  40  4:31  Extractor  
  39  4:39  Drone x4  
  39  4:42  Extractor  
  39  4:43  Zergling x2  
  39  4:44  Zergling x2  
Show
View Real Time Build Order
Export as new Build Order

DEVIN Terran - Winner!

Build Orders:  

Get SALT Encoding   

  12  0:01  SCV  
  13  0:13  SCV  
  14  0:18  Supply Depot  
  14  0:25  SCV  
  15  0:36  Refinery  
  15  0:39  SCV  
  16  0:47  Barracks  
  16  0:52  SCV  
  17  1:04  SCV  
  18  1:14  Barracks  
  18  1:16  SCV  
  19  1:28  SCV  
  20  1:33  Barracks  
  20  1:44  Reaper  
  21  1:49  Orbital Command  
  21  1:59  Refinery  
  21  2:01  Reaper  
  21  2:17  Supply Depot  
  21  2:18  Reaper  
  21  2:21  Reaper  
  23  2:31  Barracks  
  23  2:39  Reaper, SCV  
  25  2:51  SCV  
  26  2:52  Reaper  
  26  2:53  Reaper  
  28  3:03  SCV  
  28  3:04  Supply Depot  
  29  3:11  Reaper  
  30  3:15  SCV  
  31  3:27  Reaper x2  
  31  3:28  SCV  
  31  3:43  Reaper x2, SCV  
  31  3:45  Command Center  
  34  3:56  SCV  
  34  4:02  Barracks  
  35  4:07  Reaper x2  
  35  4:08  SCV  
  38  4:18  Reaper  
  39  4:24  Supply Depot x2  
  39  4:33  Barracks  
  39  4:45  SCV  
  42  4:58  SCV  
Show
View Real Time Build Order
Export as new Build Order

Adversity Terran - Winner!

Build Orders: Gas First Reaper Expand, Hellion Opening 

Get SALT Encoding   

  12  0:01  SCV  
  13  0:13  SCV  
  14  0:20  Supply Depot  
  14  0:26  SCV  
  15  0:32  Refinery  
  15  0:42  SCV  
  16  0:48  Barracks  
  16  0:54  SCV  
  17  1:06  SCV  
  18  1:18  SCV  
  19  1:35  Reaper  
  19  1:36  Orbital Command  
  20  1:48  Command Center  
  20  1:59  Factory  
  20  2:01  SCV  
  21  2:12  Supply Depot  
  21  2:15  SCV, Barracks Reactor  
  22  2:25  Bunker  
  22  2:28  SCV  
  23  2:40  SCV  
  23  2:48  Factory  
  23  2:55  Hellion  
  23  2:56  Hellion, SCV  
  28  3:02  Barracks Tech Lab  
  28  3:04  Orbital Command  
  28  3:17  Hellion x2  
  32  3:20  SCV  
  33  3:32  SCV x2  
  35  3:39  Hellion x3  
  41  4:04  Supply Depot  
  36  4:16  Hellion x2  
  36  4:20  Hellion  
  36  4:23  SCV x2  
  40  4:27  Supply Depot  
  40  4:28  Command Center  
  40  4:35  SCV x2  
  40  4:36  Factory  
  42  4:39  Hellion x2  
  42  4:42  Hellion  
Tags
 
Add a new tag
Caveats
  • Supply blocks, unpowered buildings, or Contaminate may cause inaccurate times.
  • Supply counts are checked every 10 seconds.